AoeStats
← Lunch Cyborg

Black Forest

506557892Analyzed
4v4 RM · 17d ago on Sep 14, 2026· 67m 41s· 8 players
Game mode
Random Map
Map size
Large (8 player)
Population
200
Speed
Normal
Resources
Standard
Victory
Conquest
Starting age
Dark Age
Ending age
Imperial Age
RankedLock teamsTeams togetherTeam positionsShared explorationLock speedFull tech treeHidden civsTurbo modeCheats
Victory
Defeat
🇺🇸 Hindustanis · United States
795
+14
🇺🇸 Romans · United States
782
+15
🇺🇸 Inca · United States
734
+17
🇺🇸 Persians · United States
721
+16
🇧🇷 Bohemians · Brazil
765
-16
🇦🇷 Franks · Argentina
749
-16
🇲🇽 Italians · Mexico
746
-15
🇵🇪 Poles · Peru
744
-15
Pedro II
2:16 Loom
13:03 Feudal Age
21:29 Castle Age
21:35 Castle Age
23:44 Fervor
30:04 Imperial Age
29:17 Wheelbarrow
28:28 Town Watch
30:24 Gold Mining
30:25 Stone Mining
30:18 Horse Collar
30:27 Double-Bit Axe
31:07 Heavy Plow
31:23 Bow Saw
31:33 Masonry
33:08 Hand Cart
32:54 Town Patrol
34:00 Stone Shaft Mining
35:32 Crop Rotation
35:11 Caravan
38:28 Conscription
38:44 Hoardings
38:41 Lechitic Legacy
39:15 Treadmill Crane
39:31 Murder Holes
39:58 Ballistics
40:38 Chemistry
39:55 Fletching
40:16 Forging
40:13 Scale Barding Armor
39:53 Elite Obuch
40:44 Husbandry
40:55 Bloodlines
40:06 Light Cavalry
41:53 Siege Engineers
42:22 Winged Hussar
44:05 Bodkin Arrow
44:46 Iron Casting
44:32 Chain Barding Armor
46:35 Bracer
47:36 Blast Furnace
46:37 Scale Mail Armor
50:39 Chain Mail Armor
54:22 Plate Mail Armor
memito101091
0:45 Loom
16:35 Feudal Age
17:59 Wheelbarrow
19:39 Town Watch
20:25 Double-Bit Axe
29:13 Castle Age
27:13 Horse Collar
30:46 Stone Mining
31:15 Gold Mining
33:15 Stone Shaft Mining
32:44 Fletching
33:26 Bow Saw
34:08 Hand Cart
34:57 Heavy Plow
35:58 Padded Archer Armor
41:42 Imperial Age
41:15 Ballistics
43:31 Chemistry
48:02 Two-Man Saw
48:16 Murder Holes
48:40 Leather Archer Armor
52:10 Pirotechnia
59:43 Bombard Tower
61:54 Bodkin Arrow
Hadas
4:03 Loom
11:46 Feudal Age
12:17 Double-Bit Axe
12:15 Horse Collar
18:33 Castle Age
20:05 Bow Saw
19:58 Heavy Plow
20:59 Fervor
23:51 Wheelbarrow
25:03 Hand Cart
26:38 Chemistry
27:52 Town Watch
28:46 Town Patrol
31:34 Imperial Age
29:06 Town Patrol
30:28 Wagenburg Tactics
33:26 Two-Man Saw
33:31 Houfnice
36:29 Ballistics
36:15 Siege Engineers
36:25 Forging
36:15 Scale Mail Armor
36:07 Fletching
36:33 Pikeman
37:14 Squires
37:00 Arson
38:16 Iron Casting
38:01 Chain Mail Armor
37:28 Halberdier
38:33 Conscription
41:07 Blast Furnace
57:11 Plate Mail Armor
59:59 Bodkin Arrow
Javitss
14:53 Feudal Age
21:04 Castle Age
21:02 Double-Bit Axe
22:23 Loom
23:14 Wheelbarrow
29:30 Hand Cart
33:26 Imperial Age
31:53 Husbandry
34:44 Fortified Wall
35:35 Chemistry
35:33 Cavalier
40:32 Elite Throwing Axeman
52:39 Pikeman
57:28 Halberdier
58:41 Squires
58:57 Forging
58:53 Scale Barding Armor
NutmegCypress
0:31 Loom
12:33 Feudal Age
14:37 Double-Bit Axe
18:30 Gold Mining
23:33 Castle Age
22:26 Stone Mining
24:10 Wheelbarrow
23:52 Horse Collar
25:21 Bow Saw
35:36 Imperial Age
35:02 Hand Cart
35:02 Man-at-Arms
35:44 Squires
35:37 Cavalier
36:19 Husbandry
36:29 Bloodlines
37:42 Gold Shaft Mining
37:32 Long Swordsman
37:35 Pikeman
38:23 Light Cavalry
38:57 Legionary
41:12 Conscription
41:03 Ballistas
44:41 Caravan
45:13 Coinage
46:06 Forging
45:57 Scale Mail Armor
48:22 Fortified Wall
51:18 Chain Mail Armor
52:39 Heavy Scorpion
54:52 Banking
57:43 Siege Engineers
60:09 Ballistics
60:52 Chemistry
59:57 Halberdier
theBEAR1836
0:32 Loom
16:08 Feudal Age
20:36 Double-Bit Axe
20:38 Horse Collar
27:07 Castle Age
28:20 Scale Barding Armor
29:00 Heavy Plow
29:17 Bow Saw
29:03 Gold Mining
29:05 Stone Mining
31:31 Town Watch
32:18 Chain Barding Armor
34:18 Caravan
35:47 Wheelbarrow
36:29 Husbandry
36:54 Bloodlines
37:19 Crossbowman
38:41 Man-at-Arms
39:42 Light Cavalry
43:09 Thumb Ring
50:32 Imperial Age
51:00 Elite Skirmisher
52:33 Conscription
55:14 Kamandaran
58:36 Scale Mail Armor
58:37 Padded Archer Armor
58:28 Fletching
58:49 Forging
Spartan 585
0:27 Loom
12:48 Feudal Age
14:16 Wheelbarrow
13:34 Horse Collar
14:06 Double-Bit Axe
20:52 Castle Age
18:48 Gold Mining
20:36 Stone Mining
22:04 Hand Cart
21:55 Heavy Plow
22:08 Bow Saw
26:41 Gold Shaft Mining
26:45 Stone Shaft Mining
31:05 Imperial Age
31:29 Padded Archer Armor
31:40 Forging
31:35 Scale Barding Armor
31:34 Caravan
32:53 Chemistry
32:15 Ballistics
32:37 Husbandry
32:51 Bloodlines
33:03 Light Cavalry
33:06 Heavy Camel Rider
34:39 Chain Barding Armor
34:55 Iron Casting
34:36 Leather Archer Armor
37:04 Conscription
36:48 Grand Trunk Road
36:21 Imperial Camel Rider
39:01 Siege Engineers
40:19 Hoardings
42:18 Plate Barding Armor
42:44 Blast Furnace
42:15 Ring Archer Armor
Lunch Cyborg
0:28 Loom
12:54 Feudal Age
13:18 Horse Collar
13:24 Double-Bit Axe
21:00 Castle Age
21:42 Heavy Plow
21:53 Bow Saw
24:55 Wheelbarrow
25:54 Hand Cart
32:32 Imperial Age
32:55 Caravan
33:35 Elite Kamayuk
34:39 Forging
34:30 Scale Mail Armor
35:38 Fabric Shields
36:45 Conscription
37:17 Iron Casting
36:58 Chain Mail Armor
36:49 Gold Mining
36:50 Stone Mining
Connection lost

Rejoining the realm…

Still unreachable

The connection could not be restored.

Session expired

The server has moved on; the page needs a fresh start.